 Dungeon Crawl Stone Soup version 0.17-a0-968-gf8e1f1d (webtiles) character file.

7702 Gorice the Carver (level 11, -13/73 HPs)
             Began as a Gargoyle Wanderer on May 9, 2015.
             Was an Elder of Okawaru (penitent).
             Killed from afar by a fire giant (36 damage)
             ... with a fireball
             ... created by the fury of Okawaru
             ... on level 1 of the Lair of Beasts.
             The game lasted 00:57:02 (10069 turns).

Gorice the Carver (Gargoyle Wanderer)              Turns: 10069, Time: 00:57:02

Health: -13/73     AC: 24    Str: 18    XL:     11   Next: 19%
Magic:  11/11      EV:  5    Int: 15    God:    Okawaru [*]
Gold:   362        SH:  0    Dex:  8    Spells: 0 memorised, 10 levels left

rFire  . . .     SeeInvis .     a - +0 scimitar (venom)
rCold  . . .     Clarity  +     J - +0 plate armour
rNeg   + . .     SustAb   +     (no shield)
rPois  ∞         Gourm    .     (no helmet)
rElec  +         Spirit   .     v - +1 cloak
rCorr  .         Warding  .     T - +0 pair of gloves
rMut   .         Stasis   .     o - +2 pair of boots
MR     .....                    D - amulet of clarity
Stlth  ..........               O - ring of flight
                                I - ring of sustain abilities

@: not resistant to hostile enchantments, extremely unstealthy
A: negative energy resistance 1, robust 1, electricity resistance, unbreathing,
petrification resistance, rot immunity, AC +7
a: Renounce Religion, Evoke Flight


You were on level 1 of the Lair of Beasts.
You worshipped Okawaru.
Okawaru was demanding penance.
You were not hungry.

You visited 3 branches of the dungeon, and saw 11 of its levels.

You collected 561 gold pieces.
You spent 199 gold pieces at shops.

Inventory:

Hand weapons
 a - a +0 scimitar of venom (weapon)
   (You bought it in a shop on level 6 of the Dungeon)
 e - a +0 dagger of electrocution
   (You took it off a kobold on level 1 of the Dungeon)
 B - a +0 blowgun
Missiles
 l - 71 poisoned needles
 p - 13 javelins (quivered)
 q - 6 tomahawks
 Q - 4 curare-tipped needles
 Z - 281 stones
Armour
 o - a +2 pair of boots (worn)
 v - a +1 cloak (worn)
 J - a +0 plate armour (worn)
 T - a +0 pair of gloves (worn)
Jewellery
 D - an amulet of clarity (around neck)
 E - an uncursed amulet of warding
 H - an uncursed amulet of resist mutation
 I - a ring of sustain abilities (left hand)
 O - a ring of flight (right hand)
Magical devices
 G - a wand of random effects (28)
 R - a wand of paralysis (5)
 U - a wand of cold (0)
 V - a wand of flame (37)
 X - a wand of disintegration (5)
Scrolls
 h - a scroll of enchant weapon {unknown}
 r - a scroll of blinking
 u - 3 scrolls of immolation {!r}
 x - a scroll of fog
 y - a scroll of fear {!r}
 M - 4 scrolls of remove curse
 P - 2 scrolls of magic mapping {unknown}
Potions
 c - 2 potions of lignification {!q}
 d - a potion of curing
 i - a potion of invisibility {unknown}
 s - 5 potions of agility {!q}
 A - 3 potions of haste {!q}
 C - a potion of magic {unknown}
 N - 2 potions of resistance {unknown}
Miscellaneous
 Y - a disc of storms
Comestibles
 b - a beef jerky
 f - 8 bread rations {!e}
 g - a chunk of flesh
 F - 2 slices of pizza


   Skills:
 + Level 7.2 Fighting
 - Level 14.0 Long Blades
 + Level 2.6 Armour
 - Level 1.0 Dodging
 - Level 3.2 Stealth


You had 10 spell levels left.
You didn't know any spells.

Dungeon Overview and Level Annotations

Branches:
Dungeon (9/15)             Temple (1/1) D:7            Lair (1/8) D:9
    Orc: D:9-12

Altars:
Ashenzari
Cheibriados
Dithmenos
Elyvilon
Fedhas
Gozag
Kikubaaqudgha
Makhleb
Nemelex Xobeh
Okawaru
Qazlal
Ru
Sif Muna
Trog
Vehumet
Xom
Yredelemnul
Zin
The Shining One

Shops:
D:5 %   D:6 *   D:7 *


Innate Abilities, Weirdness & Mutations

You are resistant to torment.
Your stone body is resilient (AC +7).
You are immune to poison.
You resist negative energy.
You are resistant to electric shocks.
You can survive without breathing.
You are immune to petrification.
You are immune to rotting.
You are robust (+10% HP).


Message History

Unknown command.
Unknown command.
Unknown command.
Unknown command.
Unknown command.
Evoke which item? (* to show all) (? for menu, Esc to quit)
Zapping:
X - a wand of disintegration (will waste charges)
Press: ? - help, Shift-Dir - straight line The rock wall explodes into countless fragments.
Evoking this partially-identified wand wasted a few charges. 2 orcs come into view. 2 orcs and an orc warrior come into view.
The orc shouts!
The orc warrior shouts!
The centaur moves out of view.
The orc priest looks braver.
The orc warrior moves out of view.
The orc warlord roars a battlecry!
The orcs go into a battle-frenzy!
Evoke which item? (* to show all) (? for menu, Esc to quit)
Zapping:
X - a wand of disintegration {zapped: 2} (will waste charges)
Press: ? - help, Shift-Dir - straight line The rock wall explodes into countless fragments.
Evoking this partially-identified wand wasted a few charges.
The centaur moves out of view.
The orc hits you but does no damage. The orc closely misses you.
The orc warrior hits you with a glaive!
The orc hits you from afar with an enchanted trident.
The orc hits you with a morningstar.
Damage: 18 (max 18)
The fire giant gestures at you while chanting.
The bolt of fire hits the orc.
The orc dies!
The bolt of fire hits you!
The centaur warrior wields a shortbow.
The centaur warrior shoots an arrow.
The arrow hits you but does no damage.
The arrow disappears in a puff of smoke!
The fire giant points at you and mumbles some strange words.
The fireball explodes!
The fireball engulfs you!
The fireball engulfs the fungus.
The centaur warrior shoots an arrow.
The arrow hits you but does no damage.
The arrow disappears in a puff of smoke!
Damage: 21 (max 21)
The centaur warrior shoots an arrow.
The arrow hits you but does no damage.
The arrow disappears in a puff of smoke!
The centaur warrior unwields an uncursed shortbow.
The centaur warrior hits the plant but does no damage.
The orc priest mumbles some strange prayers to Okawaru against you.
Pain shoots through your body!
Damage: 13 (max 13)
The fire giant points at you and mumbles some strange words.
The fireball explodes!
The fireball engulfs you!
You die...

.#......####### .............P#
#.##.##.#..P##..## #..
.#...#C###P..# #.##..#.##..###.##
#.##.##.#..## #..# #.#..##..#..#
#Cc# #.##.###.#.####..##
##.#..#.@.(.oco##oo##
#...........o.....o.##
##..........o....co#.#
#...............coo##
##........§§.§...cc.#
#########.........§≈§§§.....#
...............§.§§§§≈§...... ...
####P#..........≈§[>§≈§....###...
#####.........§≈≈.≈.§≈§....#..##


You could see a fire giant, a centaur, an orc priest and 3 orcs.

Vanquished Creatures
  A death yak (D:9)
  A spiny frog (D:9)
  A komodo dragon (Lair:1)
  12 yaks
  A hippogriff (Lair:1)
  A water moccasin (D:7)
  A porcupine (Lair:1)
  2 ice beasts
  3 ogres
  2 orc warriors
  3 black bears
  A sky beast (D:9)
  A necrophage (D:8)
  3 phantoms
  3 centaurs
  7 giant frogs
  A crocodile (Lair:1)
  4 scorpions
  3 killer bees (D:8)
  7 wights
  4 lava snakes (Lair:1)
  3 crimson imps
  2 giant frog zombies
  A centaur skeleton (D:9)
  6 orc priests
  2 iguanas
  10 orc wizards
  4 giant frog skeletons
  4 hounds
  2 jellies
  7 worker ants
  A killer bee zombie (D:7)
  4 sheep (Lair:1)
  2 hound zombies
  2 hound skeletons
  10 adders
  5 river rats (Lair:1)
  5 gnolls
  A worker ant zombie (D:5)
  2 oozes
  2 worms
  2 adder skeletons
  2 giant geckos
  22 orcs
  3 ball pythons
  2 bat skeletons
  A bat zombie (D:6)
  16 goblins
  11 hobgoblins
  9 jackals
  14 kobolds
  3 quokkas
  12 bats
  9 giant cockroaches
  A giant cockroach zombie (D:5)
  A giant gecko skeleton (D:7)
  A giant gecko zombie (D:7)
  2 giant newts
  A giant spore (D:8)
  A jackal skeleton (D:5)
  A quokka zombie (D:7)
  10 rats
  2 ballistomycetes (D:8)
263 creatures vanquished.

Vanquished Creatures (others)
  An orc (Lair:1)
1 creature vanquished.

Grand Total: 264 creatures vanquished

Notes
Turn   | Place    | Note
--------------------------------------------------------------
     0 | D:1      | Gorice, the Gargoyle Wanderer, began the quest for the Orb.
     0 | D:1      | Gorice set off with: a +2 dagger, a potion of haste {!q}, a +0 falchion, a potion of curing, a +0 robe, a bread ration {!e}
     0 | D:1      | Reached XP level 1. HP: 14/14 MP: 1/1
   396 | D:1      | Reached XP level 2. HP: 19/19 MP: 2/2
   424 | D:1      | Reached skill level 2 in Long Blades
   517 | D:1      | Found a sparkling altar of Nemelex Xobeh.
  1130 | D:2      | Reached XP level 3. HP: 23/23 MP: 3/3
  1362 | D:2      | Reached skill level 3 in Long Blades
  1515 | D:2      | Reached XP level 4. HP: 28/28 MP: 4/4
  1996 | D:3      | Reached skill level 4 in Long Blades
  2212 | D:3      | Reached XP level 5. HP: 29/32 MP: 5/5
  2650 | D:4      | Reached skill level 5 in Long Blades
  2682 | D:4      | Reached XP level 6. HP: 32/37 MP: 6/6
  3658 | D:5      | Entered Level 5 of the Dungeon
  3690 | D:5      | Reached skill level 6 in Long Blades
  3696 | D:5      | Got a spiked buckler
  3731 | D:5      | Reached XP level 7. HP: 36/41 MP: 7/7
  3849 | D:5      | Found Kecy's Food Emporium.
  4116 | D:5      | Reached skill level 7 in Long Blades
  4363 | D:5      | Reached skill level 8 in Long Blades
  4363 | D:5      | Reached XP level 8. HP: 32/46 MP: 8/8
  4824 | D:5      | Identified the cursed +0 buckler "Naosiok" {+Inv rElec rF- Int+2} (You found it on level 5 of the Dungeon)
  4937 | D:6      | Found Ywaunoch's Assorted Antiques.
  4961 | D:5      | HP: 5/46 [orc priest/nerve-wracking pain (11)]
  5213 | D:6      | Reached skill level 9 in Long Blades
  5238 | D:6      | Found a white marble altar of Elyvilon.
  5676 | D:6      | Bought a scroll labeled AFERGH LIPA for 23 gold pieces
  5676 | D:6      | Bought a glowing scimitar for 92 gold pieces
  6088 | D:6      | Reached skill level 10 in Long Blades
  6258 | D:7      | Found a staircase to the Ecumenical Temple.
  6280 | Temple   | Entered the Ecumenical Temple
  6379 | Temple   | Became a worshipper of Warmaster Okawaru
  6467 | D:7      | Reached XP level 9. HP: 47/51 MP: 9/9
  6683 | D:7      | Found Pubepem's General Store.
  6774 | D:7      | Bought a potion of brilliance for 56 gold pieces
  6774 | D:7      | Bought a scroll of identify for 28 gold pieces
  6775 | D:7      | Gained mutation: You are robust (+10% HP). [potion of beneficial mutation]
  6822 | D:7      | Reached skill level 11 in Long Blades
  6827 | D:7      | Acquired Okawaru's first power
  7313 | D:8      | Found a sacrificial altar of Ru.
  7419 | D:8      | Reached skill level 12 in Long Blades
  7771 | D:9      | Noticed a death yak
  7797 | D:9      | Killed a death yak
  7797 | D:9      | Reached skill level 4 in Fighting
  7797 | D:9      | Reached XP level 10. HP: 49/63 MP: 7/10
  7813 | D:9      | Noticed a spiny frog
  7822 | D:9      | Killed a spiny frog
  7826 | D:9      | Found a staircase to the Lair.
  7860 | D:9      | HP: 17/63 [yak (8)]
  7863 | D:9      | Reached skill level 5 in Fighting
  7866 | D:9      | HP: 11/64 [yak (7)]
  8484 | D:9      | Reached skill level 13 in Long Blades
  8634 | D:9      | Reached skill level 6 in Fighting
  9029 | Lair:1   | Entered Level 1 of the Lair of Beasts
  9169 | Lair:1   | Reached XP level 11. HP: 37/72 MP: 8/11
  9356 | Lair:1   | Reached skill level 7 in Fighting
  9374 | Lair:1   | HP: 16/73 [lava snake/glob of lava (23)]
  9682 | Lair:1   | Reached skill level 14 in Long Blades
  9776 | Lair:1   | Was placed under penance by Okawaru
 10049 | Lair:1   | Noticed a centaur warrior
 10049 | Lair:1   | Noticed an orc warlord
 10049 | Lair:1   | Noticed a fire giant
 10069 | Lair:1   | Killed from afar by a fire giant

Action                   |  1- 3 |  4- 6 |  7- 9 | 10-12 || total
-------------------------+-------+-------+-------+-------++-------
Melee: Falchion          |    42 |       |       |       ||    42
       Dagger            |    91 |   195 |   382 |    25 ||   693
       Scimitar          |       |       |   319 |   299 ||   618
 Fire: Blowgun           |       |       |     6 |    12 ||    18
       Hunting sling     |       |       |     3 |       ||     3
Throw: Javelin           |       |     7 |    16 |    12 ||    35
       Tomahawk          |       |       |     2 |       ||     2
Invok: Heroism           |       |       |     1 |     3 ||     4
 Abil: Evoke Flight      |       |       |       |     1 ||     1
Evoke: Wand              |       |       |       |    10 ||    10
  Use: Scroll            |     6 |     4 |     8 |     4 ||    22
       Potion            |       |       |     4 |       ||     4
 Stab: Sleeping          |     3 |       |       |       ||     3
       Paralysed         |       |       |       |     1 ||     1
  Eat: Chunk             |     2 |     7 |    14 |     8 ||    31

Table legend:
 A = Turns spent in this place as a percentage of turns spent in the entire game.
 B = Non-inter-level travel turns spent in this place as a percentage of non-inter-level travel turns spent in the entire game.
 C = Inter-level travel turns spent in this place as a percentage of turns spent in this place.
 D = Turns resting spent in this place as a percentage of non-inter-level travel turns spent in this place.
 E = Turns spent auto-exploring this place as a percentage of non-inter-level travel turns spent in this place.
 F = Non-inter-level travel turns spent in this place divided by the number of levels of this place that you've seen.
                   A       B       C       D       E      F
               +-------+-------+-------+-------+-------+----------------------
         Total | 100.0 | 100.0 |   0.4 |   0.9 |   5.6 | 383.0
       Dungeon |  88.5 |  88.5 |   0.3 |   0.8 |   5.5 | 414.4
        Temple |   0.7 |   0.7 |   3.2 |   0.0 |  56.7 |  30.0
          Lair |  10.8 |  10.8 |   0.4 |   1.5 |   2.9 | 453.0
               +-------+-------+-------+-------+-------+----------------------

Vault maps used:
D:1:      saegor_arrival_simple_b, nemelex_diamond_rough_becter
D:2:      serial_bayou_pond_c
D:4:      first_bread, sigmund_army
D:5:      serial_shops, nicolae_shop_behind_doors, serial_park_tiny_1,
          minmay_misc_feat_square, minivault_25
D:6:      serial_shops, shop, elyvilon_altar_4
D:7:      temple_fountains, serial_shops, shop, minmay_misc_feat_iff
D:8:      hangedman_ru_absence
D:9:      dpeg_lair_monsters
Temple:   grunt_circular_temple_18
Lair:1:   disabler_island, grunt_megastairs_4
